 Dungeon Crawl Stone Soup version 0.17-a0-464-g85d6e2c (webtiles) character file.

9150 Fluffy the Fighter (level 11, -7/87 HPs)
             Began as a Human Fighter on Apr 5, 2015.
             Was an Elder of Elyvilon.
             Mangled by an ice devil (20 damage)
             ... summoned by an orc sorcerer
             ... on level 2 of the Orcish Mines.
             The game lasted 00:56:11 (16789 turns).

Fluffy the Fighter (Human Fighter)                 Turns: 16789, Time: 00:56:12

Health: -7/87      AC: 20    Str: 18    XL:     11   Next: 69%
Magic:  13/17      EV:  4    Int: 11    God:    Elyvilon [****..]
Gold:   875        SH: 11    Dex: 18    Spells: 0 memorised, 10 levels left

rFire  . . .     SeeInvis +     n - +4 short sword "Spiderbane" {pierce, +Blink rPois Int+2 Dex+4}
rCold  . . .     Clarity  .     e - +0 plate armour
rNeg   . . .     SustAb   .     c - +0 shield
rPois  +         Gourm    +     F - +2 hat
rElec  .         Spirit   .     C - +0 cloak
rCorr  .         Warding  .     (no gloves)
rMut   .         Stasis   .     I - +2 pair of boots
MR     .....                    w - amulet of the gourmand
Stlth  ..........               (no ring)
                                s - ring of see invisible

@: drained, not resistant to hostile enchantments, extremely unstealthy
A: no striking features
a: Lesser Healing, Divine Protection, Heal Other, Purification, Greater Healing,
Renounce Religion, Evoke Blink


You were on level 2 of the Orcish Mines.
You worshipped Elyvilon.
Elyvilon was greatly pleased with you.
You were not hungry.

You visited 3 branches of the dungeon, and saw 13 of its levels.

You collected 1014 gold pieces.
You spent 139 gold pieces at shops.

Inventory:

Hand weapons
 a - a +1 long sword
 n - the +4 short sword "Spiderbane" (weapon) {pierce, +Blink rPois Int+2 Dex+4}
   (You found it on level 4 of the Dungeon)

   It inflicts extra damage upon your enemies.
   It affects your intelligence (+2).
   It affects your dexterity (+4).
   It protects you from poison.
   It lets you blink.
Armour
 c - a +0 shield (worn)
 e - a +0 plate armour (worn)
 C - a +0 cloak (worn)
 D - a +1 chain mail of fire resistance
 F - a +2 hat (worn)
 I - a +2 pair of boots (worn)
Jewellery
 o - an uncursed amulet of rage
 s - a ring of see invisible (left hand)
 w - an amulet of the gourmand (around neck)
 y - an uncursed ring of ice
Magical devices
 p - a wand of enslavement (12)
 A - a wand of teleportation (7)
 H - a wand of cold (6)
Scrolls
 g - 2 scrolls of identify
 k - 3 scrolls of teleportation
 l - 3 scrolls of remove curse
 m - 3 scrolls of magic mapping
 r - 4 scrolls of enchant weapon
 x - 2 scrolls of fear
 E - a scroll of amnesia
 G - a scroll of fog
Potions
 f - 2 potions of haste
 h - a potion of cancellation
 j - 2 potions of agility
 q - a potion of restore abilities
 t - a potion of magic
Books
 u - a Grand Grimoire {highlevel, unknown}

   This book is beyond your current level of understanding.

   Spells                             Type                      Level
   a - Aura of Abjuration             Summoning                    6
   b - Summon Greater Demon           Summoning                    7
   c - Malign Gateway                 Summoning/Translocation      7
   d - Summon Horrible Things         Summoning                    8
   Elyvilon opposes the use of such an unholy item.
Comestibles
 b - a royal jelly
 d - 7 bread rations
 v - 2 slices of pizza
 z - 6 beef jerkies
 B - 2 fruits


   Skills:
 + Level 8.7(8.0) Fighting
 + Level 8.2(7.5) Long Blades
 + Level 8.2(7.5) Armour
 + Level 8.4(7.7) Shields
 + Level 8.5(7.8) Invocations


You had 10 spell levels left.
You didn't know any spells.

Dungeon Overview and Level Annotations

Branches:
Dungeon (10/15)            Temple (1/1) D:7             Orc (2/4) D:10
   Lair: D:8-11

Altars:
Ashenzari
Cheibriados
Dithmenos
Elyvilon
Fedhas
Gozag
Kikubaaqudgha
Makhleb
Nemelex Xobeh
Okawaru
Qazlal
Ru
Sif Muna
Trog
Vehumet
Xom
Yredelemnul
Zin

Shops:
D:4 (=   D:7 [   Orc:1 [


Message History

Press: ? - help, Dir - move target cursor, f - orc sorcerer Heal: an orc sorcerer, wielding a dagger and wearing an embroidered robe The light of Elyvilon fails to reach the orc sorcerer.
You feel quite a bit less full. The orc sorcerer casts a spell at you.
The bolt of fire hits you!
* * * LOW HITPOINT WARNING * * *
Unknown command.
Use which ability? (? or * to list)
Press: ? - help, Dir - move target cursor, f/p - orc sorcerer Heal: an orc sorcerer, wielding a dagger and wearing an embroidered robe The light of Elyvilon fails to reach the orc sorcerer.
The orc sorcerer mumbles some strange words.
The orc wizard casts a spell.
The orc wizard seems to speed up.
The orc sorcerer casts a spell.
The ice devil hits you.
* * * LOW HITPOINT WARNING * * *
The ice devil freezes you!!
You die...

#..## ....... ##...#
......##
###....#####.....#.
##.........# ..# #..
#.........## #.###.<
##.....###..###.##...
###....######....#.....
#.##....##....######...
###.###@.##.....# ##.<
###....#.3.......## ##.
#......o##....#.## #.
#....#..3.##...### ## .
#.o...#...# #.....##.##
##......## ......##
#.....##


You could see a soul eater, an ice devil, an orc sorcerer and an orc wizard
(invisible).

Vanquished Creatures
  A hill giant (D:8)
  Psyche (D:10)
  A centaur skeleton (D:10)
  2 hungry ghosts (D:10)
  A yak (D:10)
  A hippogriff (D:8)
  Menkaure (D:4)
  2 insubstantial wisps (D:10)
  A steam dragon (D:10)
  An ice beast (D:10)
  6 orc warriors
  7 sky beasts
  9 centaurs
  An eye of draining (D:9)
  A spider (shapeshifter) (D:9)
  4 black bears
  2 necrophages
  7 ogres
  3 phantoms
  A crocodile (D:9)
  2 big kobolds
  7 giant frogs
  10 scorpions
  2 troll zombies (D:10)
  10 killer bees
  2 quasits
  3 goliath beetles
  A centaur zombie (D:9)
  A giant frog zombie (D:8)
  12 orc wizards
  5 orc priests
  3 hounds
  9 crimson imps
  2 jellies
  2 worker ants
  3 iguanas
  3 killer bee zombies (D:7)
  6 ogre zombies (D:10)
  A hound skeleton (D:9)
  A mummy (D:8)
  2 worker ant zombies
  Robin (D:4)
  6 adders
  2 worms
  4 shadow imps
  An adder zombie (D:9)
  5 giant geckos
  An ooze (D:1)
  60 orcs
  24 bats
  A bat skeleton (D:4)
  2 bat zombies
  7 giant cockroaches
  23 hobgoblins
  5 jackals
  25 kobolds
  6 quokkas
  3 ball pythons
  4 giant newts
  24 goblins
  7 goblin zombies
  3 hobgoblin skeletons (D:10)
  3 hobgoblin zombies (D:10)
  4 orc skeletons (D:10)
  10 orc zombies
  A quokka zombie (D:10)
  14 rats
386 creatures vanquished.

Vanquished Creatures (others)
  A centaur (D:8)
1 creature vanquished.

Grand Total: 387 creatures vanquished

Notes
Turn   | Place    | Note
--------------------------------------------------------------
     0 | D:1      | Fluffy, the Human Fighter, began the quest for the Orb.
     0 | D:1      | Reached XP level 1. HP: 18/18 MP: 1/1
   106 | D:1      | Reached XP level 2. HP: 12/24 MP: 2/2
  1300 | D:2      | Reached XP level 3. HP: 22/29 MP: 3/3
  1342 | D:2      | Found a white marble altar of Elyvilon.
  1373 | D:2      | Became a worshipper of Elyvilon the Healer
  1426 | D:2      | Found a radiant altar of Vehumet.
  1666 | D:2      | Reached skill level 1 in Invocations
  1666 | D:2      | Reached XP level 4. HP: 26/35 MP: 4/4
  1986 | D:2      | Found an opulent altar of Gozag.
  2022 | D:2      | Found a shadowy altar of Dithmenos.
  2267 | D:3      | Found a burning altar of Makhleb.
  2278 | D:3      | Found a stormy altar of Qazlal.
  2278 | D:3      | Noticed a fire elemental
  2477 | D:3      | Acquired Elyvilon's first power
  2599 | D:3      | Reached XP level 5. HP: 36/41 MP: 6/6
  3589 | D:4      | Found Orohun's Weapon Shoppe.
  3602 | D:4      | Noticed Robin
  3613 | D:4      | Killed Robin
  3613 | D:4      | Reached XP level 6. HP: 43/48 MP: 7/7
  3781 | D:4      | Acquired Elyvilon's second power
  3827 | D:4      | Reached skill level 4 in Fighting
  3966 | D:4      | Noticed a phantom
  3993 | D:4      | Killed a phantom
  4043 | D:4      | Reached XP level 7. HP: 41/54 MP: 9/9
  4126 | D:4      | Found Duokaid's Jewellery Emporium.
  4387 | D:4      | Found a sparkling altar of Nemelex Xobeh.
  4388 | D:4      | Found a blossoming altar of Fedhas.
  4389 | D:4      | Noticed Menkaure
  4395 | D:4      | Killed Menkaure
  5015 | D:4      | Got an ebony short sword
  5016 | D:4      | Identified the +4 short sword "Spiderbane" {pierce, +Blink rPois Int+2 Dex+4} (You found it on level 4 of the Dungeon)
  5023 | D:5      | Entered Level 5 of the Dungeon
  5759 | D:5      | Reached XP level 8. HP: 54/61 MP: 10/10
  6097 | D:5      | Reached skill level 5 in Fighting
  6708 | D:5      | Reached skill level 5 in Shields
  7029 | D:5      | Reached skill level 5 in Armour
  7512 | D:6      | Reached skill level 5 in Long Blades
  7648 | D:6      | Reached XP level 9. HP: 68/68 MP: 12/12
  7709 | D:6      | Reached skill level 5 in Invocations
  8180 | D:6      | Reached skill level 6 in Fighting
  8593 | D:7      | Found Citriel's Armour Shop.
  8671 | D:7      | Found a staircase to the Ecumenical Temple.
  8677 | Temple   | Entered the Ecumenical Temple
  9263 | D:7      | Acquired Elyvilon's third power
  9836 | D:7      | Reached XP level 10. HP: 66/77 MP: 14/14
 10212 | D:8      | Reached skill level 7 in Fighting
 10580 | D:8      | Found an iron altar of Okawaru.
 10646 | D:8      | Found a glowing silver altar of Zin.
 10647 | D:8      | Noticed an angel
 10649 | D:8      | Found a shimmering altar of Xom.
 11328 | D:9      | Noticed a hill giant
 11653 | D:9      | Found an ancient bone altar of Kikubaaqudgha.
 11789 | D:9      | Acquired Elyvilon's fourth power
 12480 | D:9      | Found an iron altar of Okawaru.
 13382 | D:8      | HP: 2/80 [hill giant/giant club (28)]
 13405 | D:8      | Killed a hill giant
 13405 | D:8      | Reached skill level 8 in Fighting
 13405 | D:8      | Reached XP level 11. HP: 22/86 MP: 13/16
 13853 | D:10     | Entered Level 10 of the Dungeon
 14214 | D:10     | Found a staircase to the Orcish Mines.
 15186 | D:10     | Noticed Psyche
 15196 | D:10     | Killed Psyche
 16173 | Orc:1    | Entered Level 1 of the Orcish Mines
 16217 | Orc:1    | Found Xeustroots's Antique Armour Emporium.
 16250 | Orc:1    | Bought a pair of glowing boots for 139 gold pieces
 16576 | Orc:1    | Found a burning altar of Makhleb.
 16602 | Orc:1    | Got a dull robe
 16677 | Orc:1    | Identified the +0 robe "Ylatosser" {rPois rN+ Str-3} (You found it on level 1 of the Orcish Mines)
 16771 | Orc:2    | Noticed an orc sorcerer
 16780 | Orc:2    | Paralysed by an orc sorcerer for 6 turns
 16789 | Orc:2    | Noticed an ice devil
 16789 | Orc:2    | Mangled by an ice devil

Action                   |  1- 3 |  4- 6 |  7- 9 | 10-12 || total
-------------------------+-------+-------+-------+-------++-------
Melee: Long sword        |   160 |   242 |    36 |       ||   438
       Short sword       |       |       |   546 |  1070 ||  1616
Invok: Lesser Healing    |       |       |     3 |    11 ||    14
       Heal Other        |       |       |       |     3 ||     3
       Purification      |       |       |       |     1 ||     1
       Greater Healing   |       |       |       |     1 ||     1
  Use: Potion            |     1 |       |     2 |     2 ||     5
       Scroll            |       |    11 |     8 |     6 ||    25
  Eat: Chunk             |     3 |     8 |    26 |    26 ||    63
       Beef jerky        |       |       |     1 |       ||     1
